[Event "ICC tourney 2552 (3 2)"]
[Site "Internet Chess Club"]
[Date "2021.05.07"]
[Round "2"]
[White "MURPHY ZEDLEWSKI, JACK:K01-30079933"]
[Black "BHOOMA, DHIVIJ:K05-16188670"]
[Result "1-0"]
[ICCResult "Black forfeits on time"]
[WhiteElo "1400"]
[BlackElo "1400"]
[Opening "French defense"]
[ECO "C01"]
[NIC "FR.01"]
[Time "18:30:27"]
[PlyCount "71"]
[TimeControl "180+2"]

1. e4 e6 2. d4 Ne7 3. Nf3 g6 4. Nc3 Bg7 5. Bd2 O-O 6. Bd3 Nbc6 7. O-O d6 8.
Be3 e5 9. d5 Nd4 10. Bxd4 exd4 11. Ne2 Bg4 12. Nf4 c6 13. Bc4 cxd5 14. Nxd5
Nxd5 15. Bxd5 Bxf3 16. Qxf3 Rb8 17. e5 dxe5 18. Bxb7 Qb6 19. Be4 Qxb2 20.
Rfc1 Bh6 21. Rd1 a5 22. Qf6 Bg7 23. Qa6 f5 24. Bd5+ Kh8 25. Qxa5 e4 26.
Rdc1 Bh6 27. Rd1 Qxc2 28. Qe1 Rbd8 29. Rxd4 e3 30. fxe3 Bg7 31. Rc4 Qb2 32.
Rb1 Qxa2 33. Rd4 Qa7 34. Rd3 Qc5 35. Rc1 Qe7 36. Rc2 { Black forfeits on
time } 1-0

[Event "ICC tourney 2552 (3 2)"]
[Site "Internet Chess Club"]
[Date "2021.05.07"]
[Round "2"]
[White "BHOWMICK, ISHAAN:K01-30129149"]
[Black "LI, AIDAN:K05-16624042"]
[Result "0-1"]
[ICCResult "White forfeits on time"]
[WhiteElo "1461"]
[BlackElo "1400"]
[Opening "Ruy Lopez: exchange variation, 5.O-O"]
[ECO "C68"]
[NIC "RL.08"]
[Time "18:30:02"]
[PlyCount "86"]
[TimeControl "180+2"]

1. e4 e5 2. Nf3 Nc6 3. Bb5 a6 4. Bxc6 dxc6 5. O-O Nf6 6. Nc3 Bc5 7. d3 Bg4
8. Bg5 Bd4 9. h3 Bh5 10. Qe2 Qe7 11. Be3 O-O-O 12. Bxd4 exd4 13. Nb1 Rhe8
14. Nbd2 Kb8 15. c4 dxc3 16. bxc3 Qa3 17. Rfc1 g5 18. Qe3 g4 19. hxg4 Nxg4
20. Qg5 Rg8 21. Qxh5 Nf6 22. Qxf7 Qf8 23. Qxf8 Rdxf8 24. c4 Rd8 25. e5 Nh5
26. e6 Rxd3 27. e7 Rd7 28. Re1 Re8 29. Ng5 Rxd2 30. Nxh7 Rd7 31. Nf8 Rdxe7
32. Rxe7 Rxe7 33. Ng6 Rg7 34. Nh4 Nf4 35. Rd1 Ne2+ 36. Kf1 Nc3 37. Rd8+ Ka7
38. Nf5 Rf7 39. Nh6 Rf6 40. Ng8 Rf4 41. Ne7 Rxc4 42. Nc8+ Kb8 43. Nd6+ Ka7
{ White forfeits on time } 0-1

[Event "ICC tourney 2552 (3 2)"]
[Site "Internet Chess Club"]
[Date "2021.05.07"]
[Round "2"]
[White "KRISHNAN, SHREYANK:K05-16258876"]
[Black "NICHOLES, BRECKEN:K06-30162593"]
[Result "1-0"]
[ICCResult "Black checkmated"]
[WhiteElo "1400"]
[BlackElo "1400"]
[Opening "QGA, 4.Nc3"]
[ECO "D24"]
[NIC "QP.08"]
[Time "18:29:15"]
[PlyCount "179"]
[TimeControl "180+2"]

1. d4 d5 2. Nf3 Nf6 3. c4 dxc4 4. Nc3 e6 5. e4 Bb4 6. Bxc4 Bxc3+ 7. bxc3
Nxe4 8. Qc2 Nf6 9. O-O Nc6 10. Bg5 h6 11. Bh4 Bd7 12. Rfe1 Qe7 13. Bb5 a6
14. Ba4 O-O-O 15. Rab1 Na5 16. Bxd7+ Rxd7 17. Qa4 Nc6 18. d5 Nxd5 19. Bxe7
Rxe7 20. Qb3 Na5 21. Qa3 Nc4 22. Qb3 Na5 23. Nd4 Nxb3 24. Rxb3 Rd8 25. Reb1
b6 26. Nc6 Red7 27. Nxd8 Rxd8 28. Rd1 a5 29. c4 Ne7 30. Rxd8+ Kxd8 31. Rd3+
Kc8 32. Kf1 Nf5 33. g4 Nd6 34. Ke2 Nxc4 35. Rf3 f6 36. Rc3 Ne5 37. f4 Nxg4
38. Rg3 Nxh2 39. Rxg7 h5 40. Rh7 Ng4 41. Rxh5 e5 42. fxe5 Nxe5 43. Rf5 Nd7
44. Rh5 Kb7 45. Rh7 Ne5 46. Ke3 Kc6 47. Kd4 Kd6 48. Rh6 Nf3+ 49. Ke3 Ng5
50. Rxf6+ Ke5 51. Rg6 Kf5 52. Rg7 Ne6 53. Re7 Kf6 54. Rd7 b5 55. Rd5 c6 56.
Rd6 Ke5 57. Rxc6 Kd5 58. Ra6 a4 59. Ra5 Kc4 60. Ra6 Nc7 61. Rc6+ Kb4 62.
Rxc7 Ka3 63. Rb7 b4 64. Kd3 b3 65. axb3 axb3 66. Kc3 Ka2 67. Rxb3 Ka1 68.
Rb4 Ka2 69. Kc2 Ka3 70. Rb2 Ka4 71. Kc3 Ka3 72. Rb8 Ka4 73. Kc4 Ka5 74.
Rb5+ Ka4 75. Rb1 Ka3 76. Kc3 Ka2 77. Rb2+ Ka3 78. Kc2 Ka4 79. Rb3 Ka5 80.
Kc3 Ka4 81. Kc4 Ka5 82. Rb4 Ka6 83. Rb5 Ka7 84. Kc5 Ka6 85. Rb8 Ka7 86. Rb6
Ka8 87. Rd6 Kb7 88. Rd7+ Ka6 89. Re7 Ka5 90. Ra7# { Black checkmated } 1-0

[Event "ICC tourney 2552 (3 2)"]
[Site "Internet Chess Club"]
[Date "2021.05.07"]
[Round "2"]
[White "ROY, AYUSH:K05-16710940"]
[Black "ARAVIND, ADVIK:K01-30033413"]
[Result "1-0"]
[ICCResult "Black forfeits on time"]
[WhiteElo "1400"]
[BlackElo "1400"]
[Opening "Neo-Indian (Seirawan) attack"]
[ECO "E00"]
[NIC "QO.17"]
[Time "18:30:27"]
[PlyCount "93"]
[TimeControl "180+2"]

1. d4 e6 2. c4 Nf6 3. Bg5 h6 4. Bh4 g5 5. Bg3 Ne4 6. Nc3 Nxc3 7. bxc3 a5 8.
Nf3 g4 9. Nd2 Ra6 10. e3 c5 11. Nb3 d6 12. dxc5 Nc6 13. cxd6 e5 14. c5 Ra7
15. Bb5 a4 16. Nd2 a3 17. Bxe5 f6 18. Bg3 Ra5 19. Bxc6+ bxc6 20. Nc4 Rxc5
21. Qd4 Rd5 22. Qe4+ Kd7 23. Qxg4+ Ke8 24. Qg6+ Kd7 25. Qf7+ Be7 26. dxe7
Qxe7 27. Nb6+ Kd8 28. Qxe7+ Kxe7 29. Nxd5+ cxd5 30. O-O h5 31. Rad1 Be6 32.
Rd4 Rg8 33. f4 Rg4 34. f5 Bxf5 35. Rxf5 Rxd4 36. cxd4 Ke6 37. Rf4 Kf7 38.
Bh4 Kg6 39. Rxf6+ Kg7 40. Rf5 Kg6 41. Rxd5 Kh6 42. Rg5 Kh7 43. e4 Kh6 44.
e5 Kh7 45. e6 Kh6 46. e7 Kh7 47. e8=Q { Black forfeits on time } 1-0

[Event "ICC tourney 2552 (3 2)"]
[Site "Internet Chess Club"]
[Date "2021.05.07"]
[Round "2"]
[White "JANI, SONAM:K05-16948743"]
[Black "HU, ETHAN:K01-30094787"]
[Result "0-1"]
[ICCResult "White forfeits on time"]
[WhiteElo "1400"]
[BlackElo "1400"]
[Opening "Giuoco Pianissimo: Italian four knights variation"]
[ECO "C28"]
[NIC "VG.02"]
[Time "18:29:37"]
[PlyCount "96"]
[TimeControl "180+2"]

1. e4 e5 2. Bc4 Nf6 3. Nc3 Nc6 4. Nf3 Bc5 5. d3 O-O 6. Be3 Bxe3 7. fxe3 d6
8. h3 h6 9. Qe2 Be6 10. Bxe6 fxe6 11. O-O d5 12. exd5 exd5 13. Qf2 Nd7 14.
Qg3 e4 15. Nd2 exd3 16. cxd3 Nf6 17. Qe1 Re8 18. Qf2 Rf8 19. Qe2 Re8 20.
Qf2 a6 21. Nf3 b5 22. Ne2 b4 23. Nf4 a5 24. Ng6 Kf7 25. Nf4 Kg8 26. Ng6 Kf7
27. Nf4 a4 28. Nh4 g5 29. Nf5 gxf4 30. exf4 h5 31. Qg3 Rg8 32. Qf2 Qd7 33.
Ne3 d4 34. Nc2 Kf8 35. Ne1 Qg7 36. Nc2 Qg6 37. Rfe1 Qxd3 38. Re2 Qg6 39.
Ne1 a3 40. bxa3 bxa3 41. Rc1 d3 42. Re3 d2 43. Rxc6 dxe1=Q+ 44. Rxe1 Qf7
45. Rec1 Rc8 46. R6c2 Ne4 47. Qe2 Ng3 48. Qe1 Nf5 { White forfeits on time
} 0-1

[Event "ICC tourney 2552 (3 2)"]
[Site "Internet Chess Club"]
[Date "2021.05.07"]
[Round "2"]
[White "DUNIKOV, GLIB:K05-16572317"]
[Black "AYYAPPAN, SANTHOSH:K01-16959235"]
[Result "1/2-1/2"]
[ICCResult "Game drawn by repetition"]
[WhiteElo "1400"]
[BlackElo "1400"]
[Opening "KGA: Keres (Mason-Steinitz) gambit"]
[ECO "C33"]
[NIC "KG.03"]
[Time "18:28:52"]
[PlyCount "157"]
[TimeControl "180+2"]

1. e4 e5 2. f4 exf4 3. Nc3 Qh4+ 4. Ke2 d6 5. Nf3 Bg4 6. d4 Nc6 7. Nd5 O-O-O
8. Bxf4 Re8 9. Qd3 f5 10. e5 dxe5 11. dxe5 Nxe5 12. Bxe5 Rxe5+ 13. Kd2 Bxf3
14. gxf3 Qh6+ 15. Kd1 Qd6 16. Nc3 Qxd3+ 17. Bxd3 Nf6 18. Re1 Bd6 19. Rxe5
Bxe5 20. Bxf5+ Kb8 21. Ke2 Bxh2 22. Kf2 Bd6 23. Bd3 Re8 24. Ne4 Nxe4+ 25.
Bxe4 g6 26. Rh1 Re7 27. Bxg6 Bc5+ 28. Kf1 Rd7 29. Rxh7 Rxh7 30. Bxh7 Kc8
31. Be4 b6 32. Ke2 Kd7 33. b3 Ke6 34. Kd3 Kd6 35. c4 Bg1 36. b4 Bh2 37. a4
Bg3 38. Kc3 Be5+ 39. Kd3 Bb2 40. Ke3 Bf6 41. f4 Bb2 42. f5 Ke5 43. Bd3 Bc3
44. b5 Bd4+ 45. Kd2 Bf2 46. Ke2 Bd4 47. Kd2 Bf2 48. Kc3 Bd4+ 49. Kc2 Bf2
50. Kc3 Bd4+ 51. Kd2 Bf2 52. Ke2 Bd4 53. Kf3 Bb2 54. Ke2 Bd4 55. Kf3 Bb2
56. Ke2 Bd4 57. Kd2 Bf2 58. Ke2 Bd4 59. Kf3 Bb2 60. Ke2 Bd4 61. Kd2 Bf2 62.
Kc2 Bd4 63. Kb3 Bc5 64. Kc2 Bf2 65. Kd2 Bd4 66. Ke2 Bb2 67. Kf3 Bd4 68. Ke2
Bb2 69. Kf3 Bd4 70. Ke2 Bb2 71. Kf3 Bd4 72. Ke2 Bb2 73. Kf3 Bd4 74. Ke2 Bb2
75. Kf3 Bd4 76. Ke2 Bb2 77. Kf3 Bd4 78. Ke2 Bb2 79. Kf3 { Game drawn by
repetition } 1/2-1/2

[Event "ICC tourney 2552 (3 2)"]
[Site "Internet Chess Club"]
[Date "2021.05.07"]
[Round "2"]
[White "BUELTMANN PROK, LENNY:K06-30096360"]
[Black "RODIC, ELLIOT:K05-16510635"]
[Result "0-1"]
[ICCResult "White checkmated"]
[WhiteElo "1117"]
[BlackElo "1400"]
[Opening "Scotch game"]
[ECO "C45"]
[NIC "SO.05"]
[Time "18:30:21"]
[PlyCount "82"]
[TimeControl "180+2"]

1. e4 e5 2. Nf3 Nc6 3. d4 exd4 4. Nxd4 Bc5 5. Nxc6 bxc6 6. Bc4 Ne7 7. Nc3
d6 8. Be3 Bxe3 9. fxe3 O-O 10. O-O Be6 11. Bxe6 fxe6 12. Rxf8+ Qxf8 13. e5
d5 14. e4 Qd8 15. exd5 cxd5 16. Qd3 c6 17. Rf1 Qb6+ 18. Kh1 Nf5 19. g4 Ne7
20. Qf3 Ng6 21. Qf7+ Kh8 22. Qxe6 Qxb2 23. Qxc6 Rg8 24. Nxd5 Nxe5 25. Qd6
Nxg4 26. Rf8 Qc1+ 27. Kg2 Qd2+ 28. Kg3 Qxh2+ 29. Kxg4 Qxd6 30. Rf5 g6 31.
Rg5 Qe6+ 32. Kh4 h6 33. Rg3 g5+ 34. Kh5 Qf7+ 35. Kg4 Qxd5 36. Kh5 Qf7+ 37.
Kg4 h5+ 38. Kh3 g4+ 39. Kh4 Qf6+ 40. Kxh5 Kh7 41. Rxg4 Qh6# { White
checkmated } 0-1

[Event "ICC tourney 2552 (3 2)"]
[Site "Internet Chess Club"]
[Date "2021.05.07"]
[Round "2"]
[White "KOVARIK, OTTO:K05-30020818"]
[Black "RAHUL PAREKH, KANAK:K03-16747551"]
[Result "1-0"]
[ICCResult "Black checkmated"]
[WhiteElo "1400"]
[BlackElo "1400"]
[Opening "Nimzovich-Larsen attack: modern variation"]
[ECO "A01"]
[NIC "VO.08"]
[Time "18:30:05"]
[PlyCount "123"]
[TimeControl "180+2"]

1. b3 e5 2. Bb2 Nc6 3. Nf3 e4 4. Nd4 Nxd4 5. Bxd4 d5 6. g3 Nf6 7. Bg2 b6 8.
Nc3 Bb7 9. O-O Bc5 10. Bxc5 bxc5 11. d4 c4 12. bxc4 dxc4 13. Rb1 Rb8 14.
Rb2 O-O 15. Qb1 Qc8 16. h4 Bc6 17. Rxb8 Qxb8 18. f3 exf3 19. Bxf3 Bxf3 20.
exf3 Qxb1 21. Rxb1 Re8 22. Rb7 g6 23. Rxc7 Re3 24. Rxc4 Rxf3 25. Kg2 Re3
26. Rc8+ Kg7 27. d5 Re7 28. d6 Rd7 29. Nb5 Ne4 30. Rc7 Nf6 31. Rxa7 Rxa7
32. Nxa7 Nd7 33. c4 Kf6 34. Nb5 Ke5 35. a4 Ke4 36. a5 Kd3 37. a6 Kxc4 38.
a7 Nb6 39. Nc7 Kc5 40. d7 Nxd7 41. a8=Q Kb6 42. Qd8 Nc5 43. Ne6+ Kb5 44.
Nxc5 Kxc5 45. Qc7+ Kd4 46. Qxf7 Ke3 47. Qf3+ Kd4 48. Qe2 Kd5 49. Qe3 Kc4
50. Qd2 Kc5 51. Qd3 Kb4 52. Qc2 Kb5 53. Qc3 Kb6 54. Qc4 Kb7 55. Qc5 Ka6 56.
Qb4 Ka7 57. Qb5 Ka8 58. Kf3 Ka7 59. Ke4 Ka8 60. Kd5 Ka7 61. Kc6 Ka8 62.
Qb7# { Black checkmated } 1-0

[Event "ICC tourney 2552 (3 2)"]
[Site "Internet Chess Club"]
[Date "2021.05.07"]
[Round "2"]
[White "JAIN, DARSH:K05-30103038"]
[Black "KRISHNA JOSHI, AADIT:K03-17152932"]
[Result "0-1"]
[ICCResult "White checkmated"]
[WhiteElo "1400"]
[BlackElo "1400"]
[Opening "Sicilian: Alapin's variation (2.c3)"]
[ECO "B22"]
[NIC "SI.46"]
[Time "18:29:47"]
[PlyCount "140"]
[TimeControl "180+2"]

1. e4 c5 2. c3 Nc6 3. d4 cxd4 4. cxd4 e5 5. d5 Nd4 6. Be3 Bc5 7. Ne2 Qb6 8.
Nxd4 exd4 9. Bf4 Qxb2 10. Nd2 d3 11. Bxd3 Bd4 12. Bg3 Qxa1 13. Qxa1 Bxa1
14. Ke2 Bc3 15. Nc4 Nf6 16. e5 Nxd5 17. Be4 Nb4 18. a3 Na6 19. Rc1 Bxe5 20.
Bxe5 O-O 21. Rb1 Nc5 22. Bf3 Re8 23. Kf1 f6 24. Bd6 Nd3 25. Rd1 Ne5 26.
Bd5+ Kh8 27. Re1 a6 28. Bb4 Ra7 29. Bc5 Ra8 30. Nxe5 Rxe5 31. Rxe5 fxe5 32.
Bd6 a5 33. Bxe5 Ra6 34. Bc4 Rb6 35. Bd4 Rb1+ 36. Ke2 d6 37. Bd3 Rb3 38. a4
Bd7 39. Bc2 Rb4 40. Bc3 Rc4 41. Kd3 d5 42. Bxa5 Bxa4 43. Bb1 Kg8 44. Ba2
Rc5 45. Bb4 Rb5 46. Bd2 Bb3 47. Bb1 Kf7 48. Kd4 Ke6 49. Bd3 Rb6 50. Be3 Rc6
51. Bb5 Rc7 52. Kd3 Bc4+ 53. Bxc4 dxc4+ 54. Kc3 b5 55. Bb6 Rd7 56. Ba5 Rd3+
57. Kb4 c3 58. Kxb5 c2 59. Bb4 c1=Q 60. Ka5 Qa1+ 61. Kb5 Rd5+ 62. Kc4 Qd4+
63. Kb3 Qd3+ 64. Ka4 Qa6+ 65. Kb3 Rd3+ 66. Kc2 Qc4+ 67. Kb2 Qxb4+ 68. Kc1
Qc3+ 69. Kb1 Rd1+ 70. Ka2 Ra1# { White checkmated } 0-1

[Event "ICC tourney 2552 (3 2)"]
[Site "Internet Chess Club"]
[Date "2021.05.07"]
[Round "2"]
[White "THOMAS, JOHNATHAN:K03-16893496"]
[Black "MARIMUTHU, ASHWIN:K06-16548496"]
[Result "1/2-1/2"]
[ICCResult "Black stalemated"]
[WhiteElo "1400"]
[BlackElo "1400"]
[Opening "Giuoco Pianissimo: Italian four knights variation"]
[ECO "C50"]
[NIC "IG.02"]
[Time "18:30:07"]
[PlyCount "143"]
[TimeControl "180+2"]

1. e4 e5 2. Nf3 Nc6 3. Bc4 Bc5 4. d3 Nf6 5. Nc3 h6 6. h3 O-O 7. O-O d6 8.
a3 Be6 9. Bxe6 fxe6 10. b4 Bb6 11. Bb2 d5 12. exd5 exd5 13. Na4 Re8 14.
Nxb6 axb6 15. b5 Na7 16. a4 c6 17. bxc6 Nxc6 18. Re1 Qc7 19. d4 exd4 20.
Nxd4 Rxe1+ 21. Qxe1 Nxd4 22. Bxd4 Qxc2 23. Qe6+ Kh7 24. Bxf6 gxf6 25. Qf7+
Kh8 26. Qxf6+ Kh7 27. Qf7+ Kh8 28. Qxd5 Rf8 29. Qxb7 Qxf2+ 30. Kh1 Qf7 31.
Qxf7 Rxf7 32. a5 bxa5 33. Rxa5 Kg7 34. Kh2 Rf6 35. Ra7+ Kg6 36. g4 Kg5 37.
Kg3 h5 38. h4+ Kh6 39. gxh5 Kxh5 40. Ra5+ Kh6 41. Rg5 Rf8 42. Kg4 Ra8 43.
Rh5+ Kg7 44. Rg5+ Kh7 45. Kh5 Ra6 46. Rf5 Rg6 47. Rf7+ Rg7 48. Rf6 Ra7 49.
Kg5 Ra5+ 50. Kg4 Ra4+ 51. Kh5 Ra5+ 52. Kg4 Ra4+ 53. Kg5 Ra5+ 54. Rf5 Rxf5+
55. Kxf5 Kh6 56. Kg4 Kg7 57. Kg5 Kh7 58. h5 Kg7 59. h6+ Kh7 60. Kh5 Kg8 61.
Kg6 Kh8 62. Kg5 Kh7 63. Kh5 Kg8 64. Kg6 Kh8 65. Kf6 Kh7 66. Kg5 Kg8 67. Kh5
Kh8 68. Kg6 Kg8 69. Kf5 Kh7 70. Kg5 Kg8 71. Kg6 Kh8 72. h7 { Black
stalemated } 1/2-1/2

[Event "ICC tourney 2552 (3 2)"]
[Site "Internet Chess Club"]
[Date "2021.05.07"]
[Round "2"]
[White "YANG, AIMEE:K01-30082227"]
[Black "THIMMASAMUDRAM, SANDEEP:K05-16278356"]
[Result "0-1"]
[ICCResult "White checkmated"]
[WhiteElo "1400"]
[BlackElo "1400"]
[Opening "Scotch game"]
[ECO "C45"]
[NIC "SO.04"]
[Time "18:30:07"]
[PlyCount "154"]
[TimeControl "180+2"]

1. e4 e5 2. Nf3 Nc6 3. d4 exd4 4. Nxd4 Nxd4 5. Qxd4 d6 6. Nc3 Nf6 7. Bf4
Be7 8. Bc4 Be6 9. Bxe6 fxe6 10. Qd1 e5 11. Bg3 O-O 12. O-O Qd7 13. Qd2 c6
14. Rad1 Rad8 15. Rfe1 Qe6 16. a3 h5 17. h3 Nh7 18. Qd3 Qf6 19. Qe3 h4 20.
Bh2 Qf7 21. Rf1 Bg5 22. Qxa7 Bf4 23. Bxf4 exf4 24. Qb6 f3 25. Qb3 d5 26.
exd5 fxg2 27. Kxg2 Qf3+ 28. Kh2 Qf4+ 29. Kg2 Qf3+ 30. Kh2 Ng5 31. Rd3 Qf4+
32. Kg2 Kh8 33. Qb4 Qf5 34. Qg4 Qf6 35. dxc6 Qxc6+ 36. Kh2 Rxd3 37. cxd3
Nf3+ 38. Kg2 Ne5+ 39. Kh2 Nxg4+ 40. hxg4 Qd6+ 41. Kg2 h3+ 42. Kxh3 Rf3+ 43.
Kg2 Qf4 44. Ne2 Qxg4+ 45. Ng3 Rxd3 46. Kh2 Rd6 47. Kg2 Rh6 48. Rh1 Rxh1 49.
Kxh1 Qf3+ 50. Kg1 Qd1+ 51. Kg2 Qd5+ 52. Kg1 Qb3 53. Kg2 Qxb2 54. a4 Qa3 55.
Kg1 Qxa4 56. Kg2 b5 57. Kg1 b4 58. Kg2 b3 59. Kg1 Qg4 60. Kg2 Qxg3+ 61.
Kxg3 b2 62. Kf3 b1=Q 63. Ke3 Kg8 64. Kf3 Kf7 65. Ke3 Kf6 66. Kf3 g5 67. Ke3
Ke5 68. Kf3 Qe4+ 69. Kg3 Qf4+ 70. Kg2 g4 71. Kg1 Qf3 72. Kh2 Qxf2+ 73. Kh1
Qa2 74. Kg1 Qe2 75. Kh1 g3 76. Kg1 Qf2+ 77. Kh1 Qf1# { White checkmated }
0-1

[Event "ICC tourney 2552 (3 2)"]
[Site "Internet Chess Club"]
[Date "2021.05.07"]
[Round "2"]
[White "JANI, AAKASH:K01-17179264"]
[Black "TCHENG, GENE:K05-16951443"]
[Result "1-0"]
[ICCResult "Black checkmated"]
[WhiteElo "1400"]
[BlackElo "1400"]
[Opening "Latvian counter-gambit"]
[ECO "C40"]
[NIC "KP.09"]
[Time "18:30:27"]
[PlyCount "141"]
[TimeControl "180+2"]

1. e4 e5 2. Nf3 f5 3. exf5 Nc6 4. Bc4 d5 5. Bb5 Bd6 6. Bxc6+ bxc6 7. O-O c5
8. Re1 Qf6 9. Nc3 e4 10. Nxd5 Qf7 11. Rxe4+ Ne7 12. Nxe7 Bxe7 13. Qe2 O-O
14. Rxe7 Qxf5 15. Re3 Qf6 16. d3 Ba6 17. c3 Qg6 18. Bd2 Bxd3 19. Rxd3 Rae8
20. Re3 h6 21. Rb1 Qxb1+ 22. Be1 Rxe3 23. Qxe3 Qxb2 24. h3 Qxa2 25. Kh2 Qd5
26. Bd2 Qd6+ 27. g3 Qd5 28. Kg2 Rxf3 29. Qxf3 Qxd2 30. Qa8+ Kh7 31. Qxa7
Qxc3 32. Qxc7 Qc4 33. h4 Qe4+ 34. Kh2 Qe1 35. Qxc5 Qe2 36. Kg2 Qe4+ 37. Kh2
Qf3 38. Qe3 Qf7 39. Kg2 Qb7+ 40. Qf3 Qb1 41. g4 Qc2 42. Kg3 Qd2 43. g5 Qd6+
44. Kh3 Qe6+ 45. Kg2 hxg5 46. hxg5 Qg6 47. Qh3+ Kg8 48. Qg4 Qc6+ 49. Kg3
Qd6+ 50. Qf4 Qd3+ 51. f3 Qf1 52. Qb8+ Kf7 53. Qc7+ Kg8 54. Qd8+ Kh7 55. Qd5
Qg1+ 56. Kf4 Qh2+ 57. Ke4 Qe2+ 58. Kf4 Qh2+ 59. Kg4 Qg1+ 60. Kf4 Qc1+ 61.
Kf5 Qc2+ 62. Qe4 Qc5+ 63. Qe5 Qc8+ 64. Qe6 Qe8 65. Qxe8 g6+ 66. Qxg6+ Kh8
67. Qb6 Kg7 68. Qf6+ Kg8 69. Qe7 Kh8 70. Kg6 Kg8 71. Qg7# { Black
checkmated } 1-0

[Event "ICC tourney 2552 (3 2)"]
[Site "Internet Chess Club"]
[Date "2021.05.07"]
[Round "2"]
[White "REEVE MENDES, AARON:K03-30164243"]
[Black "JOSHI, OM:K05-30018177"]
[Result "1-0"]
[ICCResult "Black resigns"]
[WhiteElo "1400"]
[BlackElo "1159"]
[Opening "Sicilian: Canal-Sokolsky attack, 3...Bd7"]
[ECO "B52"]
[NIC "SI.01"]
[Time "18:29:08"]
[PlyCount "203"]
[TimeControl "180+2"]

1. e4 c5 2. Nf3 d6 3. Bb5+ Bd7 4. Bxd7+ Nxd7 5. O-O e6 6. c3 Be7 7. d4 cxd4
8. cxd4 Ngf6 9. Nc3 O-O 10. b3 Rc8 11. Bb2 d5 12. e5 Ne4 13. Nxe4 dxe4 14.
Nd2 f5 15. exf6 Nxf6 16. Qe2 Qd5 17. Rac1 Bb4 18. Nc4 b5 19. Ne3 Qb7 20.
Ng4 Nxg4 21. Qxg4 Qd5 22. Rfd1 Be7 23. h3 Bf6 24. Re1 Rxc1 25. Rxc1 h5 26.
Qd1 Rd8 27. Qe2 Bxd4 28. Rd1 Qe5 29. Rxd4 Rxd4 30. Bxd4 Qxd4 31. Qxh5 Qa1+
32. Kh2 Qxa2 33. Qe8+ Kh7 34. Qxe6 Qxf2 35. Qxe4+ g6 36. Qb7+ Kg8 37. Qxb5
Qf4+ 38. Kg1 Qc1+ 39. Kf2 Qf4+ 40. Ke2 Qe4+ 41. Kd1 Qxg2 42. Qb8+ Kh7 43.
Qxa7+ Kh6 44. Qe3+ Kh7 45. b4 Qd5+ 46. Kc2 Qc4+ 47. Qc3 Qe2+ 48. Kb3 Qe6+
49. Qc4 Qxh3+ 50. Ka4 Qd7+ 51. b5 Qa7+ 52. Kb4 Qb6 53. Qc5 Qb8 54. b6 Kh6
55. Qc7 Qf8+ 56. Kb5 Qf1+ 57. Kc6 Qc1+ 58. Kb7 Qh1+ 59. Kb8 Qf3 60. Qh2+
Kg7 61. Qb2+ Kh7 62. b7 Qf8+ 63. Ka7 Qf7 64. Ka8 Qd5 65. Qh2+ Kg7 66. Qc7+
Kh6 67. Ka7 Qa2+ 68. Kb6 Qb3+ 69. Kc6 Qc4+ 70. Kd7 Qa4+ 71. Kd8 Qd4+ 72.
Qd7 Qh8+ 73. Kc7 Qc3+ 74. Kb6 Qe3+ 75. Kb5 Qe2+ 76. Kc5 Qf2+ 77. Qd4 Qf8+
78. Kb5 Qf5+ 79. Ka6 Qe6+ 80. Qb6 Qa2+ 81. Kb5 Qb2+ 82. Kc6 Qf6+ 83. Kc5
Qf5+ 84. Kb4 Qb1+ 85. Ka5 Qa2+ 86. Kb5 Qb3+ 87. Ka6 Qa2+ 88. Qa5 Qe2+ 89.
Ka7 Qe3+ 90. Ka8 Qe4 91. Qc3 Qa4+ 92. Kb8 Qb5 93. Qh3+ Kg5 94. Qg3+ Kf6 95.
Kc8 Qc6+ 96. Qc7 Qe8+ 97. Qd8+ Qe7 98. b8=Q Qxd8+ 99. Kxd8 g5 100. Qg3 g4
101. Qxg4 Ke5 102. Ke7 { Black resigns } 1-0

[Event "ICC tourney 2552 (3 2)"]
[Site "Internet Chess Club"]
[Date "2021.05.07"]
[Round "2"]
[White "FINNERTY, BRENDAN:K03-17108971"]
[Black "PATEL, DEV:K06-17318946"]
[Result "0-1"]
[ICCResult "White forfeits on time"]
[WhiteElo "1400"]
[BlackElo "1400"]
[Opening "Ruy Lopez (Spanish opening)"]
[ECO "C60"]
[NIC "RL.01"]
[Time "18:30:27"]
[PlyCount "160"]
[TimeControl "180+2"]

1. e4 e5 2. Nf3 Nc6 3. Bb5 Bd6 4. O-O Nf6 5. Nc3 a6 6. Bc4 Qe7 7. d3 b5 8.
Bd5 O-O 9. Bg5 Bb7 10. Ne2 Rab8 11. Ng3 Na5 12. Nf5 Qd8 13. Bxb7 Nxb7 14.
N3h4 Be7 15. Qf3 g6 16. Nh6+ Kg7 17. Ng4 Nxg4 18. Bxe7 Qxe7 19. Qxg4 Qf6
20. Nf3 Rbd8 21. Ng5 h6 22. Nf3 h5 23. Qg5 Qxg5 24. Nxg5 f6 25. Nf3 Nd6 26.
b3 Rde8 27. c4 f5 28. c5 fxe4 29. cxd6 exf3 30. dxc7 Rc8 31. Rac1 fxg2 32.
Kxg2 Rf6 33. Rc5 d6 34. Rc6 d5 35. Rxf6 Kxf6 36. Rc1 Ke6 37. Rc6+ Kf7 38.
Kf3 g5 39. Kg3 Ke7 40. h4 g4 41. f3 Kd7 42. Rxa6 Rxc7 43. Rh6 gxf3 44. Kxf3
Rc3 45. Ke3 Rc2 46. Rxh5 Rxa2 47. Rxe5 Kd6 48. d4 Rb2 49. Kf4 Rxb3 50. Kg5
Rg3+ 51. Kh6 Rh3 52. h5 b4 53. Kg6 b3 54. h6 b2 55. Re1 Kc6 56. Kg7 Kb5 57.
h7 Kc4 58. h8=Q Rxh8 59. Kxh8 Kb3 60. Re8 Kc3 61. Rb8 Kxd4 62. Kg7 Kc3 63.
Kf6 d4 64. Ke5 d3 65. Ke4 d2 66. Rc8+ Kb3 67. Rb8+ Kc2 68. Rc8+ Kd1 69. Rb8
Kc1 70. Rc8+ Kb1 71. Rb8 d1=Q 72. Ke3 Qc1+ 73. Ke4 Qh1+ 74. Kd3 Qf3+ 75.
Kd4 Qf4+ 76. Kd3 Qxb8 77. Kc3 Ka1 78. Kd4 b1=Q 79. Kd5 Qc8 80. Ke5 Qd1 {
White forfeits on time } 0-1

[Event "ICC tourney 2552 (3 2)"]
[Site "Internet Chess Club"]
[Date "2021.05.07"]
[Round "2"]
[White "STAMOS, BEAU:K03-16797340"]
[Black "GANDHI, MANASVI:K03-30110152"]
[Result "0-1"]
[ICCResult "White checkmated"]
[WhiteElo "1454"]
[BlackElo "1400"]
[Opening "Sicilian"]
[ECO "B50"]
[NIC "SI.01"]
[Time "18:29:41"]
[PlyCount "216"]
[TimeControl "180+2"]

1. e4 c5 2. Nf3 d6 3. Bc4 Nf6 4. Ng5 d5 5. exd5 Nxd5 6. Qf3 e6 7. O-O f6 8.
Ne4 Nc6 9. Nbc3 Nxc3 10. Nxc3 Bd6 11. d3 O-O 12. Bf4 Bxf4 13. Qxf4 Bd7 14.
Rae1 Re8 15. Nb5 Rc8 16. Qg4 a6 17. Bxe6+ Bxe6 18. Rxe6 Rxe6 19. Qxe6+ Kh8
20. Nc3 Nb4 21. Nd5 Nxd5 22. c4 Nf4 23. Qg4 Ng6 24. Re1 b5 25. cxb5 axb5
26. Re4 c4 27. dxc4 bxc4 28. Rxc4 Rxc4 29. Qxc4 Qd1+ 30. Qf1 Qxf1+ 31. Kxf1
Ne5 32. Ke2 Nc4 33. f4 Nxb2 34. a3 Nc4 35. a4 Nb6 36. a5 Nd5 37. a6 Nc7 38.
a7 g5 39. fxg5 fxg5 40. Ke3 h5 41. Ke4 g4 42. Kd4 Nb5+ 43. Ke4 Nxa7 44. h3
gxh3 45. gxh3 Kg7 46. Kf4 Kg6 47. Kg3 Nc6 48. h4 Ne5 49. Kf4 Nd3+ 50. Kg3
Kf5 51. Kh3 Nf4+ 52. Kg3 Ne2+ 53. Kf3 Nd4+ 54. Kg3 Ke4 55. Kh3 Nf5 56. Kg2
Nxh4+ 57. Kf2 Nf5 58. Ke2 h4 59. Kd2 h3 60. Kc3 h2 61. Kb4 h1=Q 62. Kc5
Qc1+ 63. Kb6 Qe3+ 64. Kc6 Qc3+ 65. Kd7 Kd3 66. Ke6 Ne3 67. Kf7 Qc7+ 68. Kf6
Qf4+ 69. Ke7 Nd5+ 70. Kd7 Qf7+ 71. Kc6 Nb4+ 72. Kb5 Nc2 73. Kc5 Qc7+ 74.
Kd5 Qa5+ 75. Ke6 Qa2+ 76. Kf5 Qa5+ 77. Kg4 Qe5 78. Kf3 Qe3+ 79. Kg4 Qg1+
80. Kf5 Nd4+ 81. Ke5 Nf3+ 82. Kd5 Qa1 83. Ke6 Qa6+ 84. Kf5 Qa5+ 85. Kg4 Ke3
86. Kg3 Qg5+ 87. Kh3 Qf5+ 88. Kg3 Qe5+ 89. Kg4 Qe6+ 90. Kg3 Qg6+ 91. Kh3
Qf5+ 92. Kg3 Qg5+ 93. Kh3 Qf5+ 94. Kg3 Qg6+ 95. Kh3 Ng5+ 96. Kg3 Qd6+ 97.
Kg4 Ne4 98. Kh4 Qh6+ 99. Kg4 Qg7+ 100. Kh4 Qf6+ 101. Kg4 Qe6+ 102. Kh4 Qh6+
103. Kg4 Qg7+ 104. Kh4 Qe7+ 105. Kg4 Nf6+ 106. Kh4 Qh7+ 107. Kg3 Qg6+ 108.
Kh4 Qg4# { White checkmated } 0-1

[Event "ICC tourney 2552 (3 2)"]
[Site "Internet Chess Club"]
[Date "2021.05.07"]
[Round "3"]
[White "LEE WANG, HUBERT:K05-17101448"]
[Black "REEVE MENDES, AARON:K03-30164243"]
[Result "0-1"]
[ICCResult "White resigns"]
[WhiteElo "1400"]
[BlackElo "1400"]
[Opening "Four knights: Italian variation"]
[ECO "C47"]
[NIC "RG.01"]
[Time "18:52:06"]
[PlyCount "44"]
[TimeControl "180+2"]

1. e4 e5 2. Nf3 Nf6 3. Nc3 Nc6 4. Bc4 Nxe4 5. Nxe4 d5 6. Bd3 dxe4 7. Bxe4
Ne7 8. d3 f5 9. Nxe5 fxe4 10. dxe4 Qxd1+ 11. Kxd1 g6 12. Bg5 Bg7 13. f4
Bxe5 14. fxe5 Bg4+ 15. Ke1 Nc6 16. Bf4 O-O-O 17. Kf2 Rhf8 18. g3 Rd2+ 19.
Ke1 Re2+ 20. Kd1 Rxh2+ 21. Ke1 Rxh1+ 22. Kd2 Rxa1 { White resigns } 0-1

[Event "ICC tourney 2552 (3 2)"]
[Site "Internet Chess Club"]
[Date "2021.05.07"]
[Round "3"]
[White "BHATT, KRISH:K03-16675624"]
[Black "VU HOLBROOK, AIDAN:K03-16806056"]
[Result "0-1"]
[ICCResult "White checkmated"]
[WhiteElo "1193"]
[BlackElo "1400"]
[Opening "French defense"]
[ECO "C00"]
[NIC "FR.01"]
[Time "18:52:00"]
[PlyCount "28"]
[TimeControl "180+2"]

1. e4 e6 2. Nf3 d5 3. exd5 exd5 4. Nc3 d4 5. Nxd4 Qxd4 6. Nb5 Qd7 7. Nc3
Bc5 8. Ne4 b6 9. Nxc5 bxc5 10. Bc4 Nf6 11. O-O O-O 12. d3 Bb7 13. Bg5 Qg4
14. Qc1 Qxg2# { White checkmated } 0-1